 Dungeon Crawl Stone Soup version 0.31-a0-1074-g0b22e4e0f1 (webtiles) character file.

Game seed: 9626356191545384261

42720 porpoise the Marksfrog (level 14, 0/104 HPs)
             Began as a Barachi Hunter on Dec 1, 2023.
             Was a High Priest of Hepliaklqana.
             Killed from afar by Uveod's ghost (38 damage)
             ... with an iron shot
             ... on level 4 of the Lair of Beasts.
             The game lasted 00:57:13 (13920 turns).

porpoise the Marksfrog (Barachi Hunter)            Turns: 13920, Time: 00:57:16

Health: 0/104      AC: 25    Str: 15    XL:     14   Next: 21%
Magic:  19/19      EV: 19    Int: 16    God:    Hepliaklqana [*****.]
Gold:   745        SH:  5    Dex: 19    Spells: 13/13 levels left

rFire   . . .        a - +2 longbow (flame)
rCold   . . .        (shield currently unavailable)
rNeg    . . .        c - +9 scale mail "Toicwot" {rCorr}
rPois   +            p - +2 helmet
rElec   .            (no cloak)
rCorr   +            f - +1 pair of gloves
SInv    .            T - +0 pair of boots of Space {Fly Str+2 Int+5}
Will    +....        e - amulet of reflection
Stlth   +            k - ring of poison resistance
HPRegen 0.37/turn    A - +5 ring of evasion
MPRegen 0.16/turn

%: reflection
@: flying, slow
A: reduced essence, amphibious, slowness 1, strong legs 2, +LOS
a: Hop, Renounce Religion, Recall Ancestor, Ancestor Identity, Transference,
Idealise


You were on level 4 of the Lair of Beasts.
You worshipped Hepliaklqana.
Hepliaklqana was extremely pleased with you.
You visited 2 branches of the dungeon, and saw 15 of its levels.

You collected 871 gold pieces.
You spent 126 gold pieces at shops.

Inventory:

Hand Weapons
 a - a +2 longbow of flaming (weapon)
 b - a +3 trident of draining
 o - the +9 rapier of Flawed Execution {flame, Stlth+}
   (You found it on level 2 of the Lair of Beasts)

   Stlth+:    It makes you more stealthy.
 E - a +1 heavy orcbow
Missiles
 v - 5 throwing nets
 z - 6 curare-tipped darts
 B - 2 atropa-tipped darts
Armour
 c - the +9 scale mail "Toicwot" (worn) {rCorr}
   (You found it on level 2 of the Lair of Beasts)

   rCorr:     It protects you from acid and corrosion.
 f - a +1 pair of gloves (worn)
 p - a +2 helmet (worn)
 T - the +0 pair of boots of Space (worn) {Fly Str+2 Int+5}
   (You found it on level 10 of the Dungeon)

   Str+2:     It affects your strength (+2).
   Int+5:     It affects your intelligence (+5).
   Fly:       It grants you flight.
 U - +0 acid dragon scales
Jewellery
 e - an amulet of reflection (around neck)
 j - an amulet of faith
 k - a ring of poison resistance (left hand)
 w - a ring of resist corrosion
 x - an amulet of the acrobat
 A - a +5 ring of evasion (right hand)
 P - the ring "Xubedor" {rElec Str+3 Dex+2 SInv}
   (You took it off an ogre mage on level 10 of the Dungeon)

   [ring of see invisible]

   Str+3:     It affects your strength (+3).
   Dex+2:     It affects your dexterity (+2).
   rElec:     It insulates you from electricity.
   SInv:      It lets you see invisible.
Wands
 H - a wand of mindburst (3)
 N - a wand of acid (12)
 V - a wand of roots (13)
Scrolls
 g - 3 scrolls of blinking
 h - 2 scrolls of enchant weapon
 i - a scroll of butterflies
 m - a scroll of poison
 u - 2 scrolls of teleportation
 y - 2 scrolls of fog
Potions
 d - 3 potions of invisibility
 l - a potion of ambrosia
 n - 3 potions of curing
 q - a potion of berserk rage
 r - 2 potions of haste
 s - 3 potions of enlightenment
 C - 2 potions of might
 D - a potion of brilliance
 K - 3 potions of resistance
 L - 2 potions of attraction
 M - 3 potions of lignification
 W - 3 potions of heal wounds
Miscellaneous
 t - a lightning rod (4/4)


   Skills:
 + Level 12.6 Fighting
 + Level 16.1 Ranged Weapons
 + Level 10.8 Armour
 - Level 9.0 Dodging
 - Level 0.8 Stealth
 - Level 7.0 Invocations
 - Level 7.0 Evocations


You had 13 spell levels left.
You didn't know any spells.
Your spell library contained the following spells:

 Spells                   Type           Power      Damage    Failure   Level
 Freeze                   Ice            0%         1d3       58%         1
 Kiss of Death            Conj/Necr      0%         2d5       58%         1
 Sandblast                Erth           0%         2d4       58%         1
 Lesser Beckoning         Tloc           0%         N/A       73%         2
 Passwall                 Tmut/Erth      0%         N/A       73%         2
 Poisonous Vapours        Pois/Air       0%         N/A       73%         2
 Sublimation of Blood     Necr           0%         N/A       73%         2
 Dazzling Flash           Conj/Hex       0%         N/A       91%         3
 Frozen Ramparts          Ice            0%         1d1       91%         3
 Gell's Gravitas          Tloc           0%         N/A       91%         3
 Hailstorm                Conj/Ice       0%         3d3       91%         3
 Ignite Poison            Fire/Tmut/Pois 0%         N/A       91%         3
 Mephitic Cloud           Conj/Pois/Air  0%         N/A       91%         3
 Stone Arrow              Conj/Erth      0%         3d7       91%         3
 Teleport Other           Tloc           0%         N/A       91%         3
 Animate Armour           Summ/Erth      0%         N/A       100%        4
 Brom's Barrelling Bould  Conj/Erth      0%         2d3       100%        4
 Iskenderun's Mystic Bla  Conj/Tloc      0%         2d3       100%        4
 Petrify                  Tmut/Erth      0%         N/A       100%        4
 Summon Lightning Spire   Summ/Air       0%         N/A       100%        4
 Vhi's Electric Charge    Tloc/Air       0%         N/A       100%        4
 Arcjolt                  Conj/Air       0%         1d10      100%        5
 Freezing Cloud           Conj/Ice/Air   0%         6-21      100%        5
 Irradiate                Conj/Tmut      0%         3d11      100%        5
 Lee's Rapid Deconstruct  Erth           0%         3d4*      100%        5
 Maxwell's Capacitive Co  Air            0%         ∞         100%        8


Dungeon Overview and Level Annotations

Branches:
Dungeon (11/15)            Temple (0/1) D:4            Lair (4/5) D:11
  Swamp (0/4) Lair:3       Spider (0/4) Lair:2          Orc (0/2) D:10
  Slime: Lair:4-5

Altars:
Dithmenos
Elyvilon
Gozag
Hepliaklqana
Kikubaaqudgha
Makhleb
Sif Muna
Trog
Uskayaw
Vehumet
Wu Jian
Xom

Shops:
D:10 ?

Annotations:
D:5 1 transporter, bmb222's ghost, weakling DsDe
D:7 exclusion: statue
D:9 1 runed translucent door, osoart's ghost, novice OpCj
D:11 3 runed translucent doors, Sundig's ghost, journeyman DsFi
Lair:4 Uveod's ghost, journeyman FeEE


Innate Abilities, Weirdness & Mutations

Your life essence is reduced to manifest your ancestor. (-10% HP)
You are amphibious.
You cover ground slowly.
You can hop long distances.
You have an extended range of vision and can be seen from far away.


Message History

Nikki blocks the yak's attack.
Uveod's ghost stares at you and mumbles some strange words.
The iron shot hits you!!
The boulder beetle leaps!
Nikki closely misses the yak.
Uveod's ghost hits you but does no damage.
The yak gores Nikki but does no damage.
You turn to flesh and can move again.
Unknown command.
Fire: a) +2 longbow (flame)
Press: ? - help, Q - select action, (/) - cycle Shift-Dir - straight line, f/p - Uveod's ghost
Aim: Uveod's ghost (heavily damaged, 19% to hit)
You shoot an arrow. The arrow misses Uveod's ghost.
Uveod's ghost casts a spell at you. The stone arrow misses you.
The yak barely misses Nikki.
Nikki barely misses the yak.
Fire: a) +2 longbow (flame)
Press: ? - help, Q - select action, (/) - cycle Shift-Dir - straight line, f/p - Uveod's ghost
Aim: Uveod's ghost (moderately damaged, 19% to hit)
You shoot an arrow. The arrow misses Uveod's ghost.
Uveod's ghost hits you but does no damage.
Nikki blocks the yak's attack.
The boulder beetle curls into a ball and begins rolling!
Fire: a) +2 longbow (flame)
Press: ? - help, Q - select action, (/) - cycle Shift-Dir - straight line, f/p - Uveod's ghost
Aim: Uveod's ghost (moderately damaged, 19% to hit)
You shoot an arrow. The arrow misses Uveod's ghost.
Nikki hits the yak with a +0 flail!
Uveod's ghost misses you.
The yak gores Nikki but does no damage.
Fire: a) +2 longbow (flame)
Press: ? - help, Q - select action, (/) - cycle Shift-Dir - straight line, f/p - Uveod's ghost
Aim: Uveod's ghost (moderately damaged, 19% to hit)
Okay, then.
Unknown command.
Aiming: Mindburst
Press: ? - help, Shift-Dir - straight line, f/p - Uveod's ghost
Aim: Uveod's ghost (moderately damaged, chance to affect: 38%) Uveod's ghost's mind is blasted!!
Uveod's ghost casts a spell at you. The iron shot hits you!!!
You die...

##.#....................
........................
.....###......P#........
...............<........
#.###..........#.......# .#
#P........#...#...##
###.................
§§#..#.°..##...###..
§§W@.B°#..P#P..##.##
§§#.................
######RP.###P..#######.
####.###.....Y.#..##..####.#.#
...$.....R....................
.......Y.#.P##.P....#...###.#P
..........................(...
P.#.#.....P.#..#P.##P.......##
.............................


You could see the friendly Nikki the knight, a boulder beetle (rolling), a yak
(ally target) and Uveod's ghost.

Vanquished Creatures
  Nessos (Lair:3)
  A rakshasa (D:10)
  A catoblepas (Lair:2)
  3 hydras
  An ogre mage (D:10)
  A two-headed ogre (D:10)
  The ghost of pigah the Mimic, a journeyman OpSh of Gozag (Lair:1)
  A centaur warrior (D:10)
  Urug (D:10)
  A satyr (shapeshifter) (D:10)
  A skyshark (Lair:2)
  Sonja (D:10)
  An orc knight (D:10)
  A deep elf pyromancer (D:9)
  A necromancer (D:9)
  An oklob plant (D:11)
  2 cyclopes
  3 elephants (Lair:4)
  4 black mambas
  Jeremiah (D:8)
  8 cane toads
  2 rime drakes
  8 komodo dragons
  A meliai (Lair:2)
  A troll (D:9)
  3 polar bears
  A hornet (D:9)
  A wraith (D:10)
  A wyvern (Lair:2)
  43 yaks
  2 steam dragons
  6 vampire mosquitoes
  An acid dragon (D:10)
  Edmund (D:5)
  8 water moccasins
  6 orc warriors
  3 sky beasts
  3 black bears
  4 wolves (Lair:2)
  5 centaurs
  A phantom (D:6)
  3 kobold brigands
  10 bullfrogs
  4 scorpions
  A gnoll sergeant (D:10)
  10 wights
  10 killer bees
  4 howler monkeys
  A crimson imp (D:8)
  2 hounds
  A gnoll bouda (D:8)
  A jelly (D:7)
  13 orc priests
  3 sleepcaps
  10 orc wizards
  4 iguanas
  6 polar bear simulacra (D:9)
  3 wolf simulacra (D:9)
  9 gnolls
  10 adders
  A shadow imp (D:6)
  3 white imps
  2 ufetubi (D:5)
  3 worms
  A dart slug (D:1)
  37 orcs
  4 ball pythons
  5 endoplasms
  5 giant cockroaches
  3 goblins
  9 hobgoblins
  25 kobolds
  2 quokkas
  6 bats
  5 frilled lizards
  10 rats
  2 river rat simulacra (D:9)
365 creatures vanquished.

Vanquished Creatures (collateral kills)
  An ogre mage (D:10)
  A two-headed ogre (D:8)
  A skyshark (Lair:2)
  A lindwurm (Lair:3)
  An ugly thing (D:10)
  A manticore (D:10)
  A black mamba (Lair:2)
  2 cane toads (Lair:1)
  Maggie (D:6)
  2 unseen horrors
  A rime drake (Lair:1)
  2 komodo dragons (Lair:1)
  A polar bear (Lair:2)
  A troll (D:11)
  A slime creature (D:9)
  11 yaks
  2 wyverns
  A vampire (D:9)
  2 vampire mosquitoes (Lair:3)
  An acid dragon (D:11)
  2 water moccasins
  2 bullfrogs
  A gnoll sergeant (D:10)
  3 wights
  3 killer bees
  A howler monkey (D:9)
  A hound (D:5)
  A sleepcap (D:7)
  2 orc wizards
  2 gnolls (D:8)
  2 adders (D:5)
  6 orcs
  A kobold (D:9)
62 creatures vanquished.

Vanquished Creatures (others)
  A yak (D:10)
  6 knights
  2 ancestors (D:6)
9 creatures vanquished.

Grand Total: 436 creatures vanquished

Notes
Turn   | Place    | Note
-------+----------+-------------------------------------------
     0 | D:1      | porpoise the Barachi Hunter began the quest for the Orb.
     0 | D:1      | Reached XP level 1. HP: 17/17 MP: 1/1
   134 | D:1      | Reached XP level 2. HP: 19/23 MP: 2/2
   563 | D:1      | Reached XP level 3. HP: 29/29 MP: 3/3
   939 | D:2      | Identified the +8 sling of Spite {freeze, +Blink Stlth+}
  1082 | D:2      | Reached skill level 5 in Ranged Weapons
  1134 | D:2      | Reached XP level 4. HP: 36/36 MP: 4/4
  1455 | D:2      | Identified the +0 robe of Negation {rF+ Str+4}
  2265 | D:4      | Reached XP level 5. HP: 42/42 MP: 5/5
  2297 | D:4      | Found a hazy altar of Hepliaklqana.
  2309 | D:4      | Became a worshipper of Hepliaklqana the Forgotten
  2358 | D:4      | Found a staircase to the Ecumenical Temple.
  2387 | D:4      | Found a white marble altar of Elyvilon.
  2411 | D:4      | Reached skill level 6 in Ranged Weapons
  2432 | D:4      | Found a shadowy altar of Dithmenos.
  2460 | D:4      | Reached XP level 6. HP: 49/49 MP: 6/6
  2860 | D:4      | Reached skill level 5 in Fighting
  3214 | D:5      | Entered Level 5 of the Dungeon
  3308 | D:5      | Reached * piety under Hepliaklqana
  3377 | D:5      | Reached skill level 7 in Ranged Weapons
  3377 | D:5      | Reached XP level 7. HP: 49/50 MP: 7/7
  3543 | D:5      | Noticed Edmund
  3550 | D:5      | Killed Edmund
  3565 | D:5      | Reached skill level 8 in Ranged Weapons
  3572 | D:5      | Found a transporter.
  3593 | D:5      | Found a bloodstained altar of Trog.
  3641 | D:5      | Noticed bmb222's ghost (weakling DsDe)
  3745 | D:6      | Noticed a steam dragon
  3755 | D:6      | Killed a steam dragon
  3756 | D:6      | Reached XP level 8. HP: 33/58 MP: 8/8
  3841 | D:6      | Noticed Maggie
  3848 | D:6      | Killed Maggie
  3849 | D:6      | Reached skill level 9 in Ranged Weapons
  3863 | D:6      | Reached skill level 10 in Ranged Weapons
  4017 | D:6      | Reached XP level 9. HP: 49/64 MP: 9/9
  4077 | D:6      | Found an ornate altar of the Wu Jian Council.
  4109 | D:6      | Noticed a cyclops
  4116 | D:6      | Killed a cyclops
  4117 | D:6      | Reached skill level 11 in Ranged Weapons
  4385 | D:6      | Reached ** piety under Hepliaklqana
  4386 | D:6      | Remembered your ancestor Nikki as a knight
  4558 | D:7      | Reached skill level 12 in Ranged Weapons
  4776 | D:7      | Found a shimmering blue altar of Sif Muna.
  4872 | D:7      | Reached skill level 13 in Ranged Weapons
  4899 | D:7      | Reached XP level 10. HP: 71/71 MP: 10/10
  5097 | D:7      | Found a radiant altar of Vehumet.
  5346 | D:7      | Killed an unseen horror
  5577 | D:7      | Found an ancient bone altar of Kikubaaqudgha.
  5835 | D:8      | Reached skill level 14 in Ranged Weapons
  5928 | D:8      | Noticed a +0 falchion
  5931 | D:8      | Noticed a +0 short sword
  5937 | D:8      | Reached skill level 1 in Armour
  5958 | D:8      | Noticed Jeremiah
  5972 | D:8      | Killed Jeremiah
  5973 | D:8      | Reached skill level 1 in Invocations
  6055 | D:8      | Found an opulent altar of Gozag.
  6114 | D:8      | Found a shimmering altar of Xom.
  6114 | D:8      | Found a burning altar of Makhleb.
  6165 | D:8      | Noticed a +0 short sword
  6166 | D:8      | Noticed a +0 spear
  6167 | D:8      | Noticed a +0 dagger
  6167 | D:8      | Noticed a +0 dagger
  6168 | D:8      | Noticed a +0 falchion
  6168 | D:8      | Noticed a +0 spear
  6176 | D:8      | Found a hide-covered altar of Uskayaw.
  6191 | D:8      | Noticed a two-headed ogre
  6198 | D:8      | Killed a two-headed ogre
  6239 | D:8      | Reached *** piety under Hepliaklqana
  7062 | D:9      | Reached skill level 5 in Dodging
  7195 | D:9      | Reached skill level 5 in Armour
  7195 | D:9      | Reached XP level 11. HP: 75/75 MP: 13/13
  7296 | D:9      | Found a runed translucent door.
  7329 | D:9      | Noticed a necromancer
  7330 | D:9      | Found a shimmering altar of Xom.
  7330 | D:9      | Noticed osoart's ghost (novice OpCj)
  7331 | D:9      | Noticed a +1 long sword of chaos
  7344 | D:9      | Killed a necromancer
  7688 | D:10     | Entered Level 10 of the Dungeon
  7691 | D:10     | Noticed a two-headed ogre
  7713 | D:10     | Noticed Sonja
  7721 | D:10     | Killed Sonja
  7722 | D:10     | Reached skill level 5 in Invocations
  7754 | D:10     | Reached **** piety under Hepliaklqana
  7771 | D:10     | Noticed Urug
  7783 | D:10     | Killed Urug
  7929 | D:10     | Killed a two-headed ogre
  7930 | D:10     | Reached skill level 1 in Evocations
  8039 | D:10     | Noticed a deep elf pyromancer
  8138 | D:9      | Killed a deep elf pyromancer
  8232 | D:10     | Noticed a centaur warrior
  8251 | D:10     | Killed a centaur warrior
  8386 | D:10     | Noticed a rakshasa
  8437 | D:10     | Killed a rakshasa
  8625 | D:10     | Reached XP level 12. HP: 84/84 MP: 17/17
  8626 | D:10     | Identified the ring "Xubedor" {rElec Str+3 Dex+2 SInv}
  8626 | D:10     | Noticed an ogre mage
  8647 | D:10     | Killed an ogre mage
  8648 | D:10     | Reached skill level 5 in Evocations
  8670 | D:10     | Found a staircase to the Orcish Mines.
  8756 | D:10     | Found Fafoecud's Magic Scroll Shoppe.
  8764 | D:10     | Bought a scroll of noise for 14 gold pieces
  8764 | D:10     | Bought a scroll of immolation for 56 gold pieces
  8903 | D:10     | Noticed a satyr
  8920 | D:10     | Reached skill level 10 in Fighting
  8923 | D:10     | Killed a satyr
  9119 | D:10     | Got Rylojy's Almanac of Momentum and Intoxication
  9125 | D:10     | Identified the -1 pair of boots "Ashreox" {rCorr Dex+3}
  9128 | D:10     | Identified the +0 pair of boots of Space {Fly Str+2 Int+5}
  9239 | D:10     | Noticed an ogre mage
  9242 | D:10     | Paralysed by something for 4 turns
  9249 | D:10     | Paralysed by something for 3 turns
  9254 | D:10     | Killed an ogre mage
  9391 | D:10     | Bought a scroll of identify for 28 gold pieces
  9391 | D:10     | Bought a scroll of identify for 28 gold pieces
  9776 | D:11     | Found a runed translucent gate.
  9778 | D:11     | Noticed a minotaur
  9778 | D:11     | Found a runed translucent gate.
  9778 | D:11     | Found a runed translucent gate.
  9778 | D:11     | Noticed Sundig's ghost (journeyman DsFi)
  9983 | D:11     | Found a staircase to the Lair.
 10535 | Lair:1   | Entered Level 1 of the Lair of Beasts
 10609 | Lair:1   | Reached skill level 15 in Ranged Weapons
 10659 | Lair:1   | Gained mutation: You can hop long distances. [Barachi
                  | growth]
 10659 | Lair:1   | Reached XP level 13. HP: 96/96 MP: 18/18
 10897 | Lair:1   | Found a runed translucent door.
 10999 | Lair:1   | Noticed pigah's ghost (journeyman OpSh)
 11206 | Lair:1   | Killed pigah's ghost
 11503 | Lair:2   | Identified the +9 scale mail "Toicwot" {rCorr}
 11548 | Lair:2   | Reached skill level 16 in Ranged Weapons
 12265 | Lair:2   | Identified the +9 rapier of Flawed Execution {flame,
                  | Stlth+}
 12373 | Lair:2   | Reached ***** piety under Hepliaklqana
 12636 | Lair:2   | Found a hole to the Spider Nest.
 12955 | Lair:3   | Found a staircase to the Swamp.
 12961 | Lair:3   | Reached skill level 10 in Armour
 12964 | Lair:3   | Reached XP level 14. HP: 103/103 MP: 19/19
 13322 | Lair:3   | Noticed Nessos
 13328 | Lair:3   | Killed Nessos
 13870 | Lair:4   | Found a runed translucent door.
 13872 | Lair:4   | Noticed Uveod's ghost (journeyman FeEE)
 13920 | Lair:4   | Killed from afar by Uveod's ghost

Illustrated notes

Levels and vault maps discovered:
D:1:      dpeg_arrival_ratfight, layout_loops_corners,
          nicolae_kite_square_tiling_tiny, st_stairs_9, fountainhead,
          nicolae_concentric_dashed_squares_wild, minmay_pentomino_t2
D:2:      layout_basic
D:3:      layout_basic
D:4:      layout_basic, nicolae_hepliaklqana_hazy_memory,
          mainiacjoe_overflow_boulevard, mainiacjoe_overflow_chevrons,
          minmay_temple_entry_wispy, gup_sewer_entry_glass
D:5:      layout_basic, trog_hazing_becter, gammafunk_ghost_smash, uniq_edmund
D:6:      layout_basic, nicolae_wu_jian_wuxing_cycle, st_stairs_1, hex_medium,
          kennysheep_generic_room_3, uniq_maggie
D:7:      minmay_angry_zag, layout_basic, overflow_temple_1_default,
          lemuel_coloured_pillars_altar, vehumet_statue
D:8:      layout_basic, grunt_temple_overflow_champion_of_chaos,
          nicolae_uskayaw_en_pointe, grunt_gozag_breadcrumbs, roderic_lattice_a,
          uniq_jeremiah
D:9:      layout_loops_cross, ebering_ghost_xom, minivault_19,
          eino_house_with_fridge
D:10:     minmay_the_grid_octo_triangle [minmay_the_grid_octo_empty,
          minmay_the_grid_octo_prize_star, minmay_the_grid_octo_chip],
          layout_irregular_city, david_orc_5, serial_shops, shop, kb_rosetta,
          uniq_sonja, uniq_urug
D:11:     layout_loops_corners, dpeg_oklobed_lair,
          maelrawn_ghost_gauntlet_escape
Lair:1:   layout_misc_corridors, gammafunk_ghost_grave, grunt_megastairs_4,
          lemuel_fruit_tree
Lair:2:   nzn_winding_woodlands_three_and_one
          [nzn_winding_woodlands_5x15_river_crossing,
          nzn_winding_woodlands_5x15_default, nzn_winding_woodlands_5x15_parted,
          nzn_winding_woodlands_center_pierced_h], layout_loops_ring,
          hellmonk_spider_entry_not_the_bees, grunt_megastairs_1
Lair:3:   layout_concentric_octagons, minmay_swamp_entry_swarm,
          grunt_megastairs_2, uniq_nessos
Lair:4:   layout_long_grid, ebering_ghost_inner_flame, grunt_megastairs_3

Skill      XL: |  1  2  3  4  5  6  7  8  9 10 11 12 13 |
---------------+----------------------------------------+-----
Fighting       | 3 4 5 6 7 8 11 12 | 12.6
Ranged Weapons | 5 6 7 8 10 13 14 15 16 | 16.1
Armour         | 5 7 10 | 10.8
Dodging        | 5 9 |  9.0
Invocations    | 3 6 7 |  7.0
Evocations     | 4 7 |  7.0
Stealth        | |  0.8

Action                     |  1- 3 |  4- 6 |  7- 9 | 10-12 | 13-15 || total
---------------------------+-------+-------+-------+-------+-------++-------
  Melee: Trident           |       |       |       |    24 |       ||    24
   Fire: Shortbow          |    60 |       |       |       |       ||    60
         Sling             |    16 |   103 |   211 |   481 |       ||   811
         Orcbow            |       |       |       |   115 |   285 ||   400
         Longbow           |       |       |       |       |    67 ||    67
 Invoke: Ancestor Identity |       |     1 |       |       |       ||     1
         Ancestor Life: Kn |       |       |     1 |       |       ||     1
         Recall Ancestor   |       |       |       |     1 |       ||     1
  Evoke: Wand              |       |       |       |       |     1 ||     1
    Use: Scroll            |       |    11 |     1 |    10 |     4 ||    26
         Potion            |       |       |       |     3 |     1 ||     4
 Armour: Leather armour    |    10 |    10 |    10 |       |       ||    30
         Steam dragon scal |       |       |    10 |    83 |       ||    93
         Acid dragon scale |       |       |       |    17 |    13 ||    30
         Scale mail        |       |       |       |       |   115 ||   115
  Dodge: Dodged            |    18 |     8 |    26 |   157 |   167 ||   376
  Block: Other             |     4 |     3 |    12 |    52 |    48 ||   119
         Reflection        |       |       |       |     3 |     1 ||     4

Table legend: (Time is in decaauts)
 A = Elapsed time spent in this place.
 B = Non-inter-level travel time spent in this place.
 C = Inter-level travel time spent in this place.
 D = Time resting spent in this place.
 E = Time spent auto-exploring this place.
 F = Levels seen in this place.
 G = Mean time per level.
                   A        B        C        D        E       F      G
               +--------+--------+--------+--------+--------+-----+--------+
         Total |  15730 |  15054 |    676 |   2367 |   9776 |  15 | 1048.7 |
       Dungeon |  11886 |  11310 |    576 |   1538 |   7778 |  11 | 1080.5 |
          Lair |   3844 |   3744 |    100 |    829 |   1997 |   4 |  961.0 |
               +--------+--------+--------+--------+--------+-----+--------+

Top non-repeatable levels by time:
    D:10: 1783 daAuts
     D:7: 1432 daAuts
  Lair:2: 1398 daAuts
    D:11: 1186 daAuts
     D:4: 1175 daAuts
     D:9: 1164 daAuts
     D:1: 1105 daAuts
  Lair:1: 1095 daAuts
  Lair:3: 1061 daAuts
     D:8: 1027 daAuts
     D:6: 841 daAuts
     D:2: 836 daAuts
     D:5: 681 daAuts
     D:3: 652 daAuts
  Lair:4: 288 daAuts
